 Dungeon Crawl Stone Soup version 0.27-a0-836-gfc908b8576 (webtiles) character file.

Game seed: 14888543401152904860

176 robertstho the Magician (level 5, -5/38 HPs)
             Began as a Djinni Ice Elementalist on Mar 30, 2021.
             Slain by a gnoll sergeant
             ... wielding a +2 spear of freezing
              (15 damage)
             ... on level 3 of the Dungeon on Mar 31, 2021.
             The game lasted 00:08:02 (4424 turns).

robertstho the Magician (Djinni Ice Elementalist)   Turns: 4424, Time: 00:08:03

Health: -5/38      AC:  8    Str:  7    XL:     5   Next: 56%
Gold:   95         EV: 12    Int: 17    God:
                   SH:  0    Dex: 14

rFire    + + .     SeeInvis .   l - +4 flail
rCold    x . .     Faith    .   (no shield)
rNeg     . . .     Spirit   .   a - +0 robe
rPois    ∞         Reflect  .   (no helmet)
rElec    .         Harm     .   (no cloak)
rCorr    .         Rampage  .   h - +1 pair of gloves
Will     .....                  (boots unavailable)
Stlth    ++........             (no amulet)
HPRegen  0.12/turn              b - +4 ring of protection
MPRegen  0.00/turn              (no ring)

@: flying
A: fire resistance 2, cold vulnerability 1, float, innate caster, hp casting,
extra vitality 1
a: no special abilities


You were on level 3 of the Dungeon.
You visited 1 branch of the dungeon, and saw 3 of its levels.

You collected 115 gold pieces.
You spent 20 gold pieces at shops.

Inventory:

Hand Weapons
 c - a +0 short sword
 l - a +4 flail (weapon)
Armour
 a - a +0 robe (worn)
 h - a +1 pair of gloves (worn)
Jewellery
 b - a +4 ring of protection (left hand)
Wands
 j - a wand of digging (6)
Scrolls
 k - a scroll of teleportation
Potions
 e - a potion of berserk rage {unknown}
 f - a potion of curing {unknown}
 g - a potion of magic {unknown}


   Skills:
 * Level 2.2 Fighting
 + Level 0.3 Short Blades
 + Level 0.1 Maces & Flails
 + Level 2.7 Dodging
 + Level 1.8 Stealth
 * Level 5.0 Spellcasting


You couldn't memorise any spells.
You knew the following spells:

 Your Spells              Type           Power      Damage    Failure   Level
a - Freeze                Ice            84%        1d10      1%          1
b - Frozen Ramparts       Ice            42%        1d6       5%          3
c - Ozocubu's Armour      Ice            21%        N/A       5%          3
d - Hailstorm             Conj/Ice       21%        3d6       19%         4
e - Summon Ice Beast      Ice/Summ       21%        N/A       19%         4
f - Corona                Hex            23%        N/A       1%          1
g - Call Imp              Summ           21%        N/A       2%          2
Your spell library was empty.

Dungeon Overview and Level Annotations

Branches:
Dungeon (3/15)

Altars:
Fedhas
Kikubaaqudgha
Uskayaw
The Shining One

Shops:
D:1 ?

Annotations:
D:1 Scroll shop


Innate Abilities, Weirdness & Mutations

You are immune to poison.
Your flesh is very heat resistant. (rF++)
You are vulnerable to cold. (rC-)
You float through the air rather than walking.
You learn spells naturally, not from books.
Your magical power is your life essence.
You have superior vitality. (+4 HP)


Message History

You miscast Summon Ice Beast.
You are very lightly contaminated with residual magic.
Nothing appears to happen.
The gnoll sergeant shouts!
The goblin shouts!
A gnoll shaman comes into view. It is wielding a +0 club.
Casting: Summon Ice Beast (quite dangerous; 19% risk of failure)
Confirm with . or Enter, or press ? or * to list all spells.
The spell is quite dangerous to cast (19% risk of failure)!
Continue anyway? [Y]es or [N]o only, please.
The spell is quite dangerous to cast (19% risk of failure)!
Continue anyway?
A chill wind blows around you. The gnoll closely misses you.
Your ice beast hits the gnoll but does no damage.
Your ice beast hits the gnoll.
Your ice beast freezes the gnoll!
The gnoll dies!
The gnoll shaman calls upon its god to speed up the gnoll sergeant.
The gnoll sergeant seems to speed up.
Your Spellcasting skill increases to level 5!
You hit the goblin but do no damage. The goblin hits you with a +0 club.
Your ice beast hits the gnoll sergeant but does no damage.
You closely miss the goblin. The goblin hits you but does no damage.
The gnoll sergeant barely misses you. The goblin misses you.
Casting: Summon Ice Beast (quite dangerous; 19% risk of failure)
Confirm with . or Enter, or press ? or * to list all spells.
The spell is quite dangerous to cast (19% risk of failure)!
Continue anyway?
Casting: Hailstorm (quite dangerous; 19% risk of failure)
Press: ? - help, Dir - look around, f - activate A cannonade of hail descends around you!
The hail pelts the gnoll sergeant!
The gnoll sergeant is heavily wounded.
Your ice beast is unaffected.
The gnoll sergeant closely misses you.
Your ice beast hits the gnoll sergeant but does no damage.
The gnoll sergeant hits you from afar with a +2 spear of freezing!
The gnoll sergeant freezes you.
* * * LOW HITPOINT WARNING * * *
The goblin hits you but does no damage.
The gnoll shaman hits your ice beast with a +0 club.
Your magical contamination has completely faded away.
The gnoll sergeant barely misses you.
Your ice beast misses the gnoll shaman.
The gnoll sergeant hits you from afar with a +2 spear of freezing!
You die...

#####..#.#......##.# #
#..#.#......##.#
#####..#.####†..##.# ...###)#.#
#....#.##### .....#...#
##.........#
##.#.##..#####.........#
.....(........<##......#
........>########......#
..........)....g@..##############
.................................
≈≈≈≈≈≈≈≈≈≈≈≈≈≈.g..≈≈≈≈≈≈≈≈≈≈≈≈≈≈≈
≈≈≈≈≈≈≈≈≈≈≈≈≈≈.Y..≈≈≈≈≈≈≈≈≈≈≈≈≈≈≈
##≈≈≈≈≈≈≈≈≈≈≈≈.g..≈≈≈≈≈≈≈≈≈≈≈≈###
.#.............)..............#..
.#############'g''#############.g
'# #....# #+# #....# #


You could see a gnoll sergeant (fast), 2 gnoll shamans, a goblin and a friendly
ice beast (summoned).

Vanquished Creatures
  6 gnolls (D:3)
  2 adders (D:3)
  A worm (D:2)
  2 dart slugs (D:1)
  2 orcs (D:3)
  4 endoplasms
  2 giant cockroaches (D:1)
  4 goblins
  7 hobgoblins
  18 jackals
  4 kobolds (D:1)
  3 quokkas
  5 ball pythons
  9 bats
  4 frilled lizards
  11 rats
84 creatures vanquished.

Vanquished Creatures (collateral kills)
  A gnoll (D:3)
1 creature vanquished.

Vanquished Creatures (others)
  A plant (D:3)
1 creature vanquished.

Grand Total: 86 creatures vanquished

Notes
Turn   | Place    | Note
-------+----------+-------------------------------------------
     0 | D:1      | robertstho the Djinni Ice Elementalist began the quest for
                  | the Orb.
     0 | D:1      | Reached XP level 1. HP: 15/15 MP: 0/0
   193 | D:1      | Reached XP level 2. HP: 15/22 MP: 0/0
   488 | D:1      | Reached skill level 4 in Spellcasting
   657 | D:1      | Found Maneadey's Magic Scroll Shoppe.
   662 | D:1      | Upgraded the game from 0.27-a0-828-g8289197e94 to
                  | 0.27-a0-836-gfc908b8576
   942 | D:1      | Bought a scroll of identify for 20 gold pieces
  1156 | D:1      | Reached XP level 3. HP: 25/26 MP: 0/0
  1156 | D:1      | Learned a level 1 spell: Corona
  1207 | D:1      | Reached skill level 1 in Fighting
  1945 | D:2      | Found a blossoming altar of Fedhas.
  2013 | D:2      | Found a hide-covered altar of Uskayaw.
  2104 | D:2      | Found a glowing golden altar of the Shining One.
  2750 | D:2      | Reached XP level 4. HP: 32/32 MP: 0/0
  3700 | D:3      | Reached XP level 5. HP: 23/38 MP: 0/0
  3700 | D:3      | Learned a level 2 spell: Call Imp
  4420 | D:3      | Reached skill level 5 in Spellcasting
  4424 | D:3      | Slain by a gnoll sergeant

Illustrated notes

Levels and vault maps discovered:
D:1:      dpeg_arrival_arbitrary_b, layout_basic, serial_shops, shop
D:2:      layout_basic, tso_oasis_becter, nicolae_uskayaw_dance_hall,
          grunt_temple_overflow_growth_and_decay
D:3:      lemuel_castle_with_subvaults [lemuel_castle_interior_carwin_2],
          layout_basic

Skill      XL: |  1  2  3  4  5 |
---------------+----------------+-----
Spellcasting   | 4 5 |  5.0
Fighting       | 1 2 |  2.2
Short Blades   | |  0.3
Maces & Flails | |  0.1
Dodging        | |  2.7
Stealth        | |  1.8

Action                   |  1- 3 |  4- 6 || total
-------------------------+-------+-------++-------
Melee: Unarmed           |    14 |       ||    14
       Short sword       |    64 |    15 ||    79
       Flail             |       |    24 ||    24
 Cast: Freeze            |    32 |     8 ||    40
       Frozen Ramparts   |     3 |    14 ||    17
       Hailstorm         |       |     3 ||     3
       Ozocubu's Armour  |       |     2 ||     2
       Summon Ice Beast  |       |     1 ||     1
  Use: Scroll            |     1 |     1 ||     2
       Potion            |       |     1 ||     1
 Stab: Sleeping          |     5 |       ||     5
Armor: Robe              |    34 |    21 ||    55
Dodge: Dodged            |    74 |    36 ||   110

Table legend: (Time is in decaauts)
 A = Elapsed time spent in this place.
 B = Non-inter-level travel time spent in this place.
 C = Inter-level travel time spent in this place.
 D = Time resting spent in this place.
 E = Time spent auto-exploring this place.
 F = Levels seen in this place.
 G = Mean time per level.
                   A        B        C        D        E       F      G
               +--------+--------+--------+--------+--------+-----+--------+
         Total |   4440 |   4248 |    192 |    599 |   3104 |   3 | 1480.0 |
       Dungeon |   4440 |   4248 |    192 |    599 |   3104 |   3 | 1480.0 |
               +--------+--------+--------+--------+--------+-----+--------+

Top non-repeatable levels by time:
     D:1: 1938 daAuts
     D:2: 1267 daAuts
     D:3: 1234 daAuts
